 Dungeon Crawl Stone Soup version 0.25.1-2-g60ff931df9 (webtiles) character file.

Game seed: 8466624965174558237

8308 tempo the Thaumaturge (level 11, -5/60 HPs)
             Began as a Deep Elf Wizard on Sept 27, 2020.
             Was an Elder of Vehumet.
             Slain by an orc warrior
             ... wielding a +0 long sword
              (15 damage)
             ... on level 10 of the Dungeon.
             The game lasted 00:29:57 (11167 turns).

tempo the Thaumaturge (Deep Elf Wizard)            Turns: 11167, Time: 00:29:58

Health: -5/60      AC:  8    Str:  4    XL:     11   Next: 8%
Magic:  19/30      EV: 11    Int: 27    God:    Vehumet [****..]
Gold:   387        SH:  5    Dex: 13    Spells: 25/36 levels left

rFire    . . .     SeeInvis .   N - +1 spear (venom)
rCold    . . .     Gourm    .   (no shield)
rNeg     . . .     Faith    .   u - +0 leather armour
rPois    .         Spirit   .   A - +0 helmet
rElec    .         Reflect  +   b - +0 cloak
rCorr    .         Harm     .   L - +0 pair of gloves
MR       +....                  f - +0 pair of boots (curse)
Stlth    ++........             q - amulet of reflection
HPRegen  0.20/turn              (no ring)
MPRegen  0.22/turn              (no ring)

@: no status effects
A: no striking features
a: Renounce Religion


You were on level 10 of the Dungeon.
You worshipped Vehumet.
Vehumet was greatly pleased with you.
You were not hungry.

You visited 1 branch of the dungeon, and saw 10 of its levels.
You also visited: Ossuary.

You collected 387 gold pieces.

Inventory:

Hand Weapons
 N - a +1 spear of venom (weapon)
Missiles
 s - 53 bolts
Armour
 b - a +0 cloak (worn)
 f - a cursed +0 pair of boots (worn)
 u - a +0 leather armour (worn)
 A - a +0 helmet (worn)
 G - +0 ice dragon scales
 L - a +0 pair of gloves (worn)
Jewellery
 g - an uncursed amulet of guardian spirit
 q - an amulet of reflection (around neck)
 D - a cursed amulet of inaccuracy {unknown}
Wands
 B - a wand of iceblast (5)
 I - a wand of polymorph (5)
 K - a wand of flame (6)
Scrolls
 a - a scroll of random uselessness {unknown}
 c - 2 scrolls of magic mapping {unknown}
 i - 3 scrolls of immolation {unknown}
 k - 14 scrolls of identify {unknown}
 m - a scroll of fear {unknown}
 n - 4 scrolls of enchant armour {unknown}
 o - 6 scrolls of teleportation {unknown}
 p - 5 scrolls of blinking {unknown}
 v - 2 scrolls of fog {unknown}
 w - a scroll of amnesia {unknown}
 x - a scroll of noise {unknown}
 y - 4 scrolls of remove curse {unknown}
 J - a scroll of brand weapon {unknown}
Potions
 e - 2 potions of might {unknown}
 h - a potion of mutation {unknown}
 j - 3 potions of degeneration {unknown}
 l - 7 potions of curing {unknown}
 r - 2 potions of lignification {unknown}
 t - 4 potions of heal wounds {unknown}
 z - a potion of invisibility {unknown}
 C - 7 potions of stabbing {unknown}
 E - a potion of berserk rage {unknown}
 F - a potion of brilliance {unknown}
 H - 2 potions of flight {unknown}
Comestibles
 d - 22 rations


   Skills:
 + Level 3.3 Fighting
 - Level 4.3 Armour
 - Level 2.4 Dodging
 - Level 2.4 Stealth
 * Level 13.2 Spellcasting
 * Level 10.7 Conjurations
 - Level 1.1 Summonings
 - Level 1.1 Translocations
 + Level 7.1 Fire Magic
 - Level 1.2 Air Magic
 - Level 1.0 Poison Magic
 - Level 2.0 Evocations


You had 25 spell levels left.
You knew the following spells:

 Your Spells              Type           Power        Failure   Level  Hunger
a - Magic Dart            Conj           ####         1%          1    None
b - Mephitic Cloud        Conj/Pois/Air  #####...     1%          3    None
c - Call Imp              Summ           ###.....     4%          2    None
d - Blink                 Tloc           N/A          4%          2    None
e - Conjure Flame         Conj/Fire      ######..     1%          3    None

Your spell library contained the following spells:

 Spells                   Type           Power        Failure   Level  Hunger
 Lee's Rapid Deconstruct  Erth           ###.......   34%         5    ##.....
 Freeze                   Ice            ###.         1%          1    None
 Hailstorm                Conj/Ice       #####...     1%          4    None
 Frozen Ramparts          Ice            ###...       4%          3    None
 Beastly Appendage        Tmut           ###...       5%          1    None
 Slow                     Hex            ###.....     8%          2    None
 Sticks to Snakes         Tmut           ###.....     8%          2    None
 Spider Form              Tmut/Pois      ###.......   12%         3    None
 Ozocubu's Armour         Chrm/Ice       ###.....     16%         3    None
 Summon Ice Beast         Ice/Summ       ###.....     38%         4    None
 Ice Form                 Ice/Tmut       ###.....     45%         4    None
 Blade Hands              Tmut           ###.......   82%         5    ##.....


Dungeon Overview and Level Annotations

Branches:
Dungeon (10/15)            Temple (0/1) D:6         Ossuary (visited)
   Lair: D:8-11         Orc: D:9-12

Altars:
Ashenzari
Makhleb
Nemelex Xobeh
Sif Muna
Vehumet
Xom

Shops:
D:6 [   D:10 (


Message History

Aiming: Mephitic Cloud (safe; 1% risk of failure)
Press: ? - help, Shift-Dir - straight line, f - orc warrior
Aim: an orc warrior, wielding a +0 long sword and wearing a +0 plate armour The ball explodes into a vile cloud!
The stinking cloud engulfs the orc warrior but does no damage.
The stinking cloud engulfs the orc wizard but does no damage.
The orc wizard is engulfed in noxious fumes.
The orc wizard appears confused.
The orc warrior is engulfed in noxious fumes.
An orc comes into view. It is wielding a +0 whip.
The orc wizard gestures wildly while chanting.
The orc wizard blinks!
An orc warrior comes into view. It is wielding a +0 dire flail.
An orc comes into view. It is wielding a +2 flail of venom.
Unknown command.
Unknown command.
The orc warrior is engulfed in noxious fumes.
The orc warrior appears confused.
The orc warrior hits you with a +0 long sword!
You die...

#o...# #)####
#####o# #.....#
## #
#....)##.## 8##
#...o☼#...#...#
+...☼§§...o...o
#...○.o.......o
######@.o..oooo
##.o.#.oo#
##8## 8## ## #


You could see 3 orc warriors, 5 orc wizards and 3 orcs.

Vanquished Creatures
  2 two-headed ogres
  A deep elf mage (D:9)
  An ugly thing (D:8)
  Joseph (D:7)
  2 hornets
  Prince Ribbit (D:9)
  Sigmund (D:4)
  2 hippogriffs
  3 yaks (D:9)
  A wyvern (D:9)
  Grum (D:9)
  A hungry ghost (D:5)
  A water moccasin (D:9)
  An ice beast (D:9)
  2 phantoms
  An orc warrior (D:6)
  A sky beast (D:6)
  A black bear (D:7)
  A tengu (D:8)
  4 ogres
  4 centaurs
  2 wolves (D:9)
  7 bullfrogs
  A big kobold (D:8)
  A wyvern zombie (D:8)
  3 scorpions
  5 killer bees (D:9)
  5 wights (D:7)
  A howler monkey (D:9)
  5 crimson imps
  4 centaur zombies (Ossuary)
  A quasit (D:9)
  A bullfrog zombie (D:7)
  3 jellies
  5 orc wizards
  Crazy Yiuf (D:5)
  5 orc priests
  A bullfrog skeleton (D:9)
  5 hounds
  3 centaur skeletons
  3 iguanas
  4 worker ants
  A big kobold zombie (Ossuary)
  A hound zombie (D:8)
  2 mummies (Ossuary)
  A howler monkey zombie (D:8)
  A gnoll (D:1)
  11 adders
  2 oozes
  An adder zombie (D:8)
  An adder skeleton (D:7)
  2 worms (D:4)
  3 leopard geckos
  25 orcs
  A ball python (D:1)
  6 giant cockroaches
  6 hobgoblins
  14 jackals
  6 kobolds
  3 quokkas
  8 bats
  A frilled lizard (D:1)
  10 goblins
  A goblin zombie (Ossuary)
  11 hobgoblin zombies (Ossuary)
  A jackal skeleton (D:5)
  3 jackal zombies (Ossuary)
  3 kobold zombies (Ossuary)
  13 orc zombies (Ossuary)
  6 rats
  A rat zombie (Ossuary)
244 creatures vanquished.

Vanquished Creatures (collateral kills)
  A killer bee (D:9)
1 creature vanquished.

Vanquished Creatures (others)
  2 plants (D:10)
2 creatures vanquished.

Grand Total: 247 creatures vanquished

Notes
Turn   | Place    | Note
-------+----------+-------------------------------------------
     0 | D:1      | tempo the Deep Elf Wizard began the quest for the Orb.
     0 | D:1      | Reached XP level 1. HP: 10/10 MP: 7/7
   183 | D:1      | Reached XP level 2. HP: 16/16 MP: 2/9
   652 | D:1      | Reached skill level 5 in Spellcasting
   660 | D:1      | Reached XP level 3. HP: 20/20 MP: 2/11
   700 | D:1      | Learned a level 3 spell: Mephitic Cloud
   722 | D:1      | Learned a level 2 spell: Call Imp
   725 | D:1      | Learned a level 2 spell: Blink
   729 | D:1      | Learned a level 3 spell: Conjure Flame
   893 | D:1      | Reached skill level 1 in Fighting
  1140 | D:2      | Found a shimmering altar of Xom.
  1244 | D:2      | Reached skill level 1 in Armour
  1437 | D:2      | Reached XP level 4. HP: 25/25 MP: 9/13
  1537 | D:2      | Found a radiant altar of Vehumet.
  1543 | D:2      | Became a worshipper of Vehumet
  1583 | D:2      | Found a shattered altar of Ashenzari.
  1726 | D:2      | Found a shimmering blue altar of Sif Muna.
  1883 | D:2      | Found a sparkling altar of Nemelex Xobeh.
  2318 | D:3      | Reached skill level 1 in Poison Magic
  2647 | D:3      | Found a faded altar of an unknown god.
  2721 | D:3      | Noticed an ogre
  2732 | D:3      | Killed an ogre
  2732 | D:3      | Reached skill level 6 in Spellcasting
  2732 | D:3      | Reached skill level 1 in Fire Magic
  2732 | D:3      | Reached skill level 1 in Air Magic
  2732 | D:3      | Reached XP level 5. HP: 29/29 MP: 1/15
  3125 | D:4      | Reached XP level 6. HP: 22/34 MP: 10/17
  3270 | D:4      | Reached * piety under Vehumet
  3270 | D:4      | Offered knowledge of Sandblast by Vehumet.
  3651 | D:4      | Reached skill level 7 in Spellcasting
  3776 | D:4      | Noticed Sigmund
  3817 | D:4      | Killed Sigmund
  3817 | D:4      | Reached XP level 7. HP: 39/39 MP: 6/19
  4001 | D:5      | Entered Level 5 of the Dungeon
  4290 | D:5      | Reached skill level 5 in Conjurations
  4499 | D:5      | Reached skill level 8 in Spellcasting
  4589 | D:5      | Noticed a hungry ghost
  4616 | D:5      | Killed a hungry ghost
  4785 | D:5      | Reached XP level 8. HP: 33/45 MP: 19/22
  5081 | D:5      | Found a runed translucent door.
  5082 | D:5      | Noticed Crazy Yiuf
  5089 | D:5      | Killed Crazy Yiuf
  5278 | D:6      | Reached skill level 9 in Spellcasting
  5331 | D:6      | Found a staircase to the Ecumenical Temple.
  5368 | D:6      | Found Ufinezuarph's Armour Shop.
  5442 | D:6      | Reached skill level 1 in Evocations
  5679 | D:6      | Reached ** piety under Vehumet
  5722 | D:6      | Found a burning altar of Makhleb.
  5871 | D:6      | Offered knowledge of Searing Ray by Vehumet.
  6249 | D:7      | Noticed a hornet
  6264 | D:7      | Killed a hornet
  6264 | D:7      | Reached XP level 9. HP: 28/50 MP: 14/24
  6528 | D:7      | Reached skill level 10 in Spellcasting
  7315 | D:7      | Noticed Joseph
  7343 | D:7      | Killed Joseph
  7343 | D:7      | Reached skill level 5 in Fire Magic
  7484 | D:8      | Found a sand-covered staircase.
  7493 | Ossuary  | Entered an ossuary
  7508 | Ossuary  | Offered knowledge of Static Discharge by Vehumet.
  7577 | Ossuary  | Reached *** piety under Vehumet
  7658 | Ossuary  | Reached skill level 11 in Spellcasting
  7724 | Ossuary  | Offered knowledge of Sticky Flame by Vehumet.
  8228 | D:8      | Noticed a white ugly thing
  8240 | D:8      | Killed a white ugly thing
  8558 | D:8      | Reached XP level 10. HP: 56/56 MP: 25/27
  8588 | D:8      | Noticed a two-headed ogre
  8638 | D:8      | Killed a two-headed ogre
  9185 | D:9      | Reached skill level 12 in Spellcasting
  9185 | D:9      | Noticed a two-headed ogre
  9199 | D:9      | Killed a two-headed ogre
  9232 | D:9      | Noticed Prince Ribbit
  9439 | D:9      | Killed Prince Ribbit
  9442 | D:9      | Reached skill level 10 in Conjurations
  9451 | D:9      | Reached **** piety under Vehumet
  9948 | D:9      | Noticed Grum
  9962 | D:9      | Killed Grum
 10125 | D:9      | Reached skill level 13 in Spellcasting
 10193 | D:9      | Noticed a deep elf mage
 10206 | D:9      | Killed a deep elf mage
 10706 | D:10     | Entered Level 10 of the Dungeon
 10708 | D:10     | Found Geijam's Weapon Boutique.
 10833 | D:10     | Reached XP level 11. HP: 60/60 MP: 27/30
 10850 | D:10     | Noticed a two-headed ogre
 10885 | D:9      | Offered knowledge of Lee's Rapid Deconstruction by Vehumet.
 11167 | D:10     | Slain by an orc warrior

Illustrated notes

Levels and vault maps discovered:
D:1:      minmay_arrival_stone_box, layout_basic, patterned_corridor
D:2:      layout_rooms, led_sif_pool, nicolae_overflow_quartered_altars,
          first_ration
D:3:      layout_basic, chequers_ecumenical_altar_simple,
          kennysheep_generic_room_15
D:4:      layout_basic, minmay_misc_feat_room, uniq_sigmund
D:5:      layout_rooms, uniq_crazy_yiuf_cottage
D:6:      layout_loops_cross, lemuel_round_altar,
          minmay_temple_entry_statues_pillars, serial_shops, shop
D:7:      layout_loops_cross, uniq_joseph
D:8:      layout_rooms, enter_ossuary_1, blue_anna_alchemist
          [blue_anna_fruit_fields, blue_anna_fruit_fields], supply_closet_lemuel
D:9:      layout_loops_ring, kennysheep_pointless_box, uniq_prince_ribbit1,
          uniq_grum
D:10:     layout_roguey, dpeg_lair_monsters, david_orc_4, serial_shops, shop,
          serial_bayou, serial_bayou_pond_a, serial_bayou_lake_a,
          serial_bayou_crossing, serial_bayou_lagoon_a, serial_bayou_pond_e

Skill      XL: |  1  2  3  4  5  6  7  8  9 10 |
---------------+-------------------------------+-----
Spellcasting   | 5 6 7 8 9 11 13 | 13.2
Fighting       | 1 2 3 |  3.3
Conjurations   | 2 3 4 5 7 8 10 | 10.7
Armour         | 1 3 4 |  4.3
Poison Magic   | 1 |  1.0
Fire Magic     | 1 2 3 4 5 7 |  7.1
Air Magic      | 1 |  1.2
Evocations     | 2 |  2.0
Dodging        | |  2.4
Stealth        | |  2.4
Summonings     | |  1.1
Translocations | |  1.1

Action                   |  1- 3 |  4- 6 |  7- 9 | 10-12 || total
-------------------------+-------+-------+-------+-------++-------
Melee: Unarmed           |     5 |       |     3 |       ||     8
       Rapier            |       |     1 |       |       ||     1
       Scythe            |       |       |   119 |    58 ||   177
       Spear             |       |       |       |    32 ||    32
 Cast: Magic Dart        |    80 |   155 |   257 |   114 ||   606
       Mephitic Cloud    |       |     2 |    19 |    28 ||    49
       Conjure Flame     |       |       |    24 |    16 ||    40
       Blink             |       |       |     2 |     4 ||     6
       Call Imp          |       |       |       |     5 ||     5
Evoke: Wand              |       |       |     3 |       ||     3
 Stab: Confused          |       |       |     8 |     4 ||    12
  Eat: Chunk             |     1 |     7 |    12 |     8 ||    28
       Ration            |       |       |     1 |       ||     1
Armor: Robe              |     6 |       |       |       ||     6
       Leather armour    |       |    12 |    60 |    24 ||    96
Dodge: Dodged            |    13 |    18 |   144 |    44 ||   219
Block: Other             |       |       |    63 |    18 ||    81
       Reflection        |       |       |     1 |       ||     1
